 Dungeon Crawl Stone Soup version 0.22-a0-147-gfdd7f25 (webtiles) character file.

5518 troglodite the Skirmisher (level 10, -3/80 HPs)
             Began as a Demonspawn Berserker on Feb 6, 2018.
             Was a High Priest of Trog.
             Slain by a two-headed ogre
             ... wielding a +0 giant club
             ... summoned by an orange crystal statue
              (15 damage)
             ... on level 8 of the Dungeon.
             The game lasted 00:38:04 (9382 turns).

troglodite the Skirmisher (Demonspawn Berserker)    Turns: 9382, Time: 00:38:05

Health: -3/80      AC: 17    Str: 17      XL:     10   Next: 43%
Magic:  10/10      EV: 11    Int:  5 (9)  God:    Trog [*****.]
Gold:   484        SH:  0    Dex: 16      Spells: 9/9 levels left

rFire    . . .     SeeInvis +   v - +2 whip (elec)
rCold    . . .     Gourm    .   (no shield)
rNeg     . . .     Faith    .   O - +1 chain mail {rPois}
rPois    +         Spirit   .   H - +1 hat
rElec    .         Reflect  +   (no cloak)
rCorr    .         Harm     .   (no gloves)
MR       +....                  p - +0 pair of boots
Stlth    ..........             J - +4 amulet of reflection
HPRegen  0.23/turn              w - ring of protection from magic
MPRegen  0.12/turn              x - ring of see invisible

@: confused
A: horns 2, iridescent scales 2
a: Berserk, Trog's Hand, Brothers in Arms, Burn Spellbooks, Renounce Religion


You were on level 8 of the Dungeon.
You worshipped Trog.
Trog was extremely pleased with you.
You were hungry.

You visited 1 branch of the dungeon, and saw 10 of its levels.
You also visited: Ossuary.

You collected 484 gold pieces.

Inventory:

Hand Weapons
 a - a +0 falchion
 k - the +5 hand crossbow of the Wasteland {flame, Str+9 Dex-2}
   (You found it on level 8 of the Dungeon)

   It causes projectiles fired from it to burn those they strike, causing extra
   injury to most foes and up to half again as much damage against particularly
   susceptible opponents.
   It affects your strength (+9).
   It affects your dexterity (-2).
 v - a +2 whip of electrocution (weapon)
 G - a +2 great sword
Armour
 p - a +0 pair of boots (worn)
 H - a +1 hat (worn)
 O - a +1 chain mail of poison resistance (worn)
Jewellery
 w - a ring of protection from magic (left hand)
 x - a ring of see invisible (right hand)
 J - a +4 amulet of reflection (around neck)
Wands
 A - a wand of polymorph (12)
 C - a wand of random effects (26)
Scrolls
 f - 3 scrolls of fog {unknown}
 i - a scroll of random uselessness {unknown}
 j - a scroll of summoning {unknown}
 m - 4 scrolls of remove curse
 n - a scroll of blinking {unknown}
 q - 2 scrolls of amnesia {unknown}
 r - 3 scrolls of immolation {unknown}
 t - a scroll of enchant weapon {unknown}
 u - 3 scrolls of fear {unknown}
 y - a scroll of noise {unknown}
 B - 4 scrolls of magic mapping {unknown}
 I - 2 scrolls of enchant armour {unknown}
 K - a scroll of teleportation {unknown}
Potions
 b - a potion of heal wounds
 d - 11 potions of curing
 e - a potion of degeneration {unknown}
 g - 4 potions of magic
 l - 2 potions of might
 o - a potion of lignification {unknown}
 s - 2 potions of brilliance
 z - a potion of flight {unknown}
 D - a potion of resistance {unknown}
 E - 2 potions of mutation
 F - a potion of invisibility {unknown}
 M - a potion of agility {unknown}
Comestibles
 c - 20 rations


   Skills:
 * Level 7.8 Fighting
 + Level 4.7 Long Blades
 + Level 7.2 Maces & Flails
 * Level 7.2 Armour
 * Level 6.6 Dodging
 + Level 1.4 Stealth


You had 9 spell levels left.
You didn't know any spells.

Dungeon Overview and Level Annotations

Branches:
Dungeon (10/15)            Temple (0/1) D:6
   Lair: D:8-11         Orc: D:9-12

Altars:
Dithmenos
Makhleb
Nemelex Xobeh
Okawaru
Ru
Wu Jian
The Shining One

Shops:
D:7 }

Annotations:
D:8 1 runed door, exclusion: 4 orange crystal statues
D:10 Urug


Innate Abilities, Weirdness & Mutations

You have a pair of horns on your head.
You are mostly covered in iridescent scales. (AC +4)


Message History

The orange crystal statue fixes its piercing gaze on you.
Something tries to feed on your intellect!
The wight hits you but does no damage.
The slime creature hits you but does no damage.
You bump into the stone wall.
You feel less invigorated. The orc priest hits you.
The orc hits you with a flail of holy wrath.
You convulse.
The orc warrior hits you but does no damage.
The orange crystal statue fixes its piercing gaze on you.
Something tries to feed on your intellect!
The wight hits you but does no damage. The slime creature closely misses you.
You're too confused to move!
The orc priest mumbles some strange prayers to Beogh against you.
Beogh smites you!
* * * LOW HITPOINT WARNING * * *
The two-headed ogre hits you with a giant club.
* * * LOW HITPOINT WARNING * * *
The two-headed ogre hits you with a giant spiked club!
You die...

#.# #.##.#..#######..##.
#.####.##.#..# #...##
#.hO...K.....# #.....
#.####.##.##.# #..### #.#
#.##.##.# #####..###
#.####.##.##.###.........
#..............<.........
#..####o####.##.####..###
#..#8OaO@o8#.##.# #..#
#..#.#ooJ#z#....# #..#
#..#..ozzh.#.#### #...
#..#(.Fco..#... ..###
#..#.......#..# ####
#..#.#...#.#..#
#..#8.....8# #
#..####+#### #...


You could see 4 orange crystal statues, a slime creature, a two-headed ogre, 2
orc warriors, an ogre, a bullfrog, a centaur, a howler monkey, a worker ant, 3
wights, an orc priest, an orc wizard (invisible) and 2 orcs.

Vanquished Creatures
  3 yaks (D:8)
  4 hogs (D:7)
  A human (D:7)
  The ghost of B1inky the Skirmisher, an amateur OpFi (D:3)
  Edmund (D:4)
  2 orc warriors (D:8)
  A sky beast (D:8)
  A centaur (D:8)
  6 ogres
  A big kobold (D:7)
  6 bullfrogs
  3 scorpions
  5 killer bees (D:7)
  4 wights (D:6)
  7 howler monkeys
  A bullfrog zombie (D:6)
  3 crimson imps
  6 hounds
  A jelly (D:7)
  9 orc priests
  7 orc wizards
  5 worker ants
  A big kobold zombie (Ossuary)
  2 hound zombies
  2 hound skeletons
  5 mummies
  3 gnolls (D:3)
  6 adders
  A shadow imp (D:5)
  An ooze (D:3)
  An adder zombie (Ossuary)
  3 adder skeletons
  5 worms
  4 dart slugs
  3 leopard geckos
  35 orcs
  3 ball pythons
  11 giant cockroaches
  8 hobgoblins
  5 jackals
  2 quokkas (D:3)
  4 bats
  9 frilled lizards
  2 gnoll zombies (Ossuary)
  4 goblins
  2 hobgoblin zombies
  A jackal skeleton (D:4)
  2 jackal zombies (Ossuary)
  9 kobolds
  3 kobold zombies
  A leopard gecko skeleton (D:8)
  An orc zombie (Ossuary)
  9 rats
  A rat zombie (Ossuary)
227 creatures vanquished.

Vanquished Creatures (collateral kills)
  A two-headed ogre (D:8)
  A deep elf mage (D:8)
  A yak (D:8)
  An ogre (D:8)
  A big kobold (D:8)
  A wight (D:8)
  A crimson imp (D:8)
  A bullfrog skeleton (D:8)
  A centaur skeleton (D:8)
  An orc wizard (D:8)
  An orc (D:8)
  A jackal (D:8)
12 creatures vanquished.

Grand Total: 239 creatures vanquished

Notes
Turn   | Place    | Note
-------+----------+-------------------------------------------
     0 | D:1      | troglodite the Demonspawn Berserker began the quest for the Orb.
     0 | D:1      | Reached XP level 1. HP: 18/18 MP: 1/1
   539 | D:1      | Gained mutation: You are partially covered in iridescent scales. (AC +2) [demonic ancestry]
   539 | D:1      | Reached XP level 2. HP: 24/24 MP: 2/2
  1171 | D:2      | Reached XP level 3. HP: 29/29 MP: 3/3
  1625 | D:2      | Reached ** piety under Trog
  1981 | D:2      | Reached XP level 4. HP: 36/36 MP: 4/4
  2246 | D:2      | Found a burning altar of Makhleb.
  2465 | D:3      | Found an ornate altar of the Wu Jian Council.
  2465 | D:3      | Found a sacrificial altar of Ru.
  2465 | D:3      | Found a sparkling altar of Nemelex Xobeh.
  2734 | D:3      | Reached XP level 5. HP: 42/42 MP: 5/5
  2956 | D:3      | Noticed B1inky's ghost (amateur OpFi)
  2966 | D:3      | Killed B1inky's ghost
  2966 | D:3      | Reached XP level 6. HP: 48/48 MP: 6/6
  3388 | D:4      | Reached skill level 1 in Maces & Flails
  3390 | D:4      | Reached *** piety under Trog
  3411 | D:4      | Noticed Edmund
  3421 | D:4      | Killed Edmund
  3428 | D:4      | Gained mutation: You are mostly covered in iridescent scales. (AC +4) [demonic ancestry]
  3428 | D:4      | Reached XP level 7. HP: 23/55 MP: 7/7
  4075 | D:4      | Found an iron altar of Okawaru.
  4411 | D:5      | Entered Level 5 of the Dungeon
  4674 | D:5      | Reached XP level 8. HP: 58/61 MP: 8/8
  4860 | D:5      | Found a glowing golden altar of the Shining One.
  4900 | D:5      | Reached skill level 5 in Fighting
  4915 | D:5      | Reached skill level 5 in Armour
  4918 | D:5      | Reached **** piety under Trog
  5410 | D:5      | Found a shadowy altar of Dithmenos.
  5889 | D:6      | Reached skill level 1 in Stealth
  6278 | D:6      | Reached skill level 5 in Dodging
  6547 | D:6      | Found a staircase to the Ecumenical Temple.
  6616 | D:6      | Gained mutation: You have a pair of small horns on your head. [demonic ancestry]
  6616 | D:6      | Reached XP level 9. HP: 57/69 MP: 9/9
  6941 | D:7      | Found Fiotsos's Gadget Shoppe.
  6943 | D:7      | Found a sand-covered staircase.
  6958 | Ossuary  | Entered an ossuary
  7278 | D:7      | Reached skill level 5 in Maces & Flails
  7420 | D:7      | Reached ***** piety under Trog
  7875 | D:7      | Upgraded the game from 0.22-a0-142-g91cc6d7 to 0.22-a0-147-gfdd7f25
  7974 | D:7      | Found a burning altar of Makhleb.
  8364 | D:7      | You fall through a shaft for 3 floors!
  8364 | D:10     | Entered Level 10 of the Dungeon
  8364 | D:10     | Noticed Urug
  8603 | D:8      | Found a runed door.
  8603 | D:8      | Noticed a deep elf mage
  8615 | D:8      | Killed a deep elf mage
  8615 | D:8      | Gained mutation: You have a pair of horns on your head. [demonic ancestry]
  8615 | D:8      | Reached XP level 10. HP: 79/79 MP: 10/10
  8635 | D:8      | Noticed a two-headed ogre
  8636 | D:8      | Killed a two-headed ogre
  8793 | D:8      | Got a jewelled buckler
  8979 | D:8      | Identified the cursed -8 buckler "Epnu" {rElec rPois Str+5} (You found it on level 8 of the Dungeon)
  9183 | D:8      | Got a transparent hand crossbow
  9184 | D:8      | Identified the +5 hand crossbow of the Wasteland {flame, Str+9 Dex-2} (You found it on level 8 of the Dungeon)
  9200 | D:8      | Found a runed door.
  9214 | D:8      | Found the +10 large shield of Ignorance {rN+ Int-4}
  9224 | D:8      | Noticed an orange crystal statue
  9224 | D:8      | Noticed an orange crystal statue
  9224 | D:8      | Noticed an orange crystal statue
  9224 | D:8      | Noticed an orange crystal statue
  9225 | D:8      | Found a runed door.
  9226 | D:8      | Noticed a two-headed ogre
  9358 | D:8      | Noticed a two-headed ogre
  9370 | D:8      | Noticed a two-headed ogre
  9382 | D:8      | Slain by a two-headed ogre

Vault maps used:
D:1:      dpeg_arrival_tiny_b
D:2:      first_ration, makhleb_blood_cavern_becter
D:3:      gammafunk_temple_overflow_claw
D:4:      okawaru_trees_1, gup_sewer_entry_spiral, minmay_door_square,
          kennysheep_minor_cross, minmay_misc_feat_plants,
          hangedman_decor_diamond_cutter, uniq_edmund
D:5:      nicolae_dithmenos_shadow_blocks, nicolae_tso_carved_into_rock
D:6:      minmay_temple_entry_grid, minivault_14, hangedman_decor_lopped,
          corexii_checkpoint_b
D:7:      marbit_many_paths, nicolae_ossuary_entry_giza, serial_shops, shop,
          grunt_livestock
D:8:      minmay_the_grid_octo_tiled_squarecenter, grunt_qazlal_clouds,
          nicolae_gozag_zags_fifth_avenue, chequers_guarded_unrand_ignorance
D:9:      lemuel_crystal_altar, minmay_lair_entry_lava,
          yredelemnul_altar_generic
D:10:     orc_0_dummy, serial_shops, shop, shop_statue, shop,
          nicolae_shop_behind_doors, uniq_fannar, uniq_urug, uniq_harold
Ossuary:  ossuary_minmay_tomb_2a

Skill      XL: |  1  2  3  4  5  6  7  8  9 10 |
---------------+-------------------------------+-----
Dodging        | 2 3 4 5 6 |  6.6
Armour         | 2 3 4 6 7 |  7.2
Long Blades    | 3 4 |  4.7
Fighting       | 4 5 7 |  7.8
Maces & Flails | 1 3 4 6 7 |  7.2
Stealth        | 1 |  1.4

Action                   |  1- 3 |  4- 6 |  7- 9 | 10-12 || total
-------------------------+-------+-------+-------+-------++-------
Melee: Falchion          |   117 |    94 |       |       ||   211
       Whip              |       |    76 |   399 |    81 ||   556
       Great sword       |       |       |    31 |       ||    31
       Headbutt          |       |       |    23 |    17 ||    40
Invok: Berserk           |     1 |     3 |    11 |     1 ||    16
       Brothers in Arms  |       |       |     1 |     1 ||     2
       Burn Spellbooks   |       |       |       |     1 ||     1
  Use: Scroll            |     1 |       |       |     8 ||     9
       Potion            |       |       |       |     4 ||     4
  Eat: Chunk             |     4 |     6 |    20 |     2 ||    32
       Ration            |       |       |     3 |       ||     3
Armor: Animal skin       |     5 |       |       |       ||     5
       Ring mail         |    41 |    74 |   177 |    14 ||   306
       Chain mail        |       |       |       |    47 ||    47
Dodge: Dodged            |    86 |   104 |   372 |    80 ||   642
Block: Other             |       |       |       |     5 ||     5
       Reflection        |       |       |       |     1 ||     1
       Rpst.: Falchion   |    23 |    17 |       |       ||    40
       Great sword       |       |       |     8 |       ||     8

Table legend:
 A = Spawn XP
 B = Non-spawn XP
 C = Spawn XP percentage of total XP
 D = Spawn monster count
 E = Non-spawn monster count
 F = Spawn count percentage of total count
 G = Total turns spent on level
                    A         B        C        D         E        F      G
               +---------+---------+-------+---------+---------+-------+---------
         Total |       0 |    7884 |   0.0 |       0 |     239 |   0.0 |  9382
               +---------+---------+-------+---------+---------+-------+---------
           D:1 |       0 |      32 |   0.0 |       0 |      20 |   0.0 |  1020
           D:2 |       0 |     129 |   0.0 |       0 |      24 |   0.0 |  1400
           D:3 |       0 |     294 |   0.0 |       0 |      28 |   0.0 |   933
           D:4 |       0 |     604 |   0.0 |       0 |      28 |   0.0 |  1058
           D:5 |       0 |     726 |   0.0 |       0 |      24 |   0.0 |  1452
           D:6 |       0 |    1095 |   0.0 |       0 |      28 |   0.0 |  1186
           D:7 |       0 |    2216 |   0.0 |       0 |      37 |   0.0 |  1316
           D:8 |       0 |    2654 |   0.0 |       0 |      34 |   0.0 |   752
       Ossuary |       0 |     134 |   0.0 |       0 |      16 |   0.0 |   254
               +---------+---------+-------+---------+---------+-------+---------
